 Dungeon Crawl Stone Soup version 0.24.0-13-gcf9b319 (webtiles) character file.

Game seed: 11289884162687138970, levelgen mode: deterministic

421 Fang the Skirmisher (level 6, -5/60 HPs)
             Began as a Gargoyle Berserker on Dec 10, 2019.
             Was a Priest of Trog.
             Slain by Menkaure (11 damage)
             ... on level 4 of the Dungeon.
             The game lasted 00:05:01 (3214 turns).

Fang the Skirmisher (Gargoyle Berserker)            Turns: 3214, Time: 00:05:02

Health: -5/60      AC: 16    Str: 27    XL:     6   Next: 94%
Magic:  6/6        EV:  8    Int:  8    God:    Trog [***...]
Gold:   362        SH:  0    Dex:  9    Spells: 5/5 levels left

rFire    . . .     SeeInvis .   a - +1 hand axe
rCold    . . .     Gourm    .   (no shield)
rNeg     + . .     Faith    .   b - +0 plate armour
rPois    ∞         Spirit   .   (no helmet)
rElec    +         Reflect  .   h - scarf {repulsion}
rCorr    .         Harm     .   (no gloves)
MR       .....                  (no boots)
Stlth    ..........             (no amulet)
HPRegen  0.20/turn              (no ring)
MPRegen  0.10/turn              (no ring)

@: berserking, repel missiles, very quick
A: negative energy resistance 1, electricity resistance, unbreathing,
petrification resistance, rot immunity, AC +4
a: Berserk, Trog's Hand, Renounce Religion


You were on level 4 of the Dungeon.
You worshipped Trog.
Trog was most pleased with you.
You were near starving.

You visited 1 branch of the dungeon, and saw 4 of its levels.

You collected 362 gold pieces.

Inventory:

Hand Weapons
 a - a +1 hand axe (weapon)
Armour
 b - a +0 plate armour (worn)
 h - a scarf of repulsion (worn)
Scrolls
 e - 2 scrolls of fog
 f - a scroll of remove curse
 p - 2 scrolls of blinking
Potions
 l - a potion of heal wounds
 n - a potion of magic {unknown}
 q - a potion of experience {unknown}
 t - a potion of curing {unknown}
 v - a potion of cancellation {unknown}
Comestibles
 c - 7 rations


   Skills:
 + Level 5.0 Fighting
 + Level 4.1 Axes
 + Level 4.3 Armour
 + Level 3.2 Dodging


You had 5 spell levels left.
You didn't know any spells.
Your spell library was empty.

Dungeon Overview and Level Annotations

Branches:
Dungeon (4/15)
 Temple: D:4-7

Altars:
Elyvilon
Gozag
Makhleb
Sif Muna
Wu Jian
Xom
Yredelemnul
Zin
The Shining One

Annotations:
D:4 1 runed translucent door, Crazy Yiuf, Menkaure


Innate Abilities, Weirdness & Mutations

You are resistant to torment.
Your stone body is resilient. (AC +4)
You are immune to poison.
You resist negative energy. (rN+)
You are resistant to electric shocks. (rElec)
You can survive without breathing.
You are immune to petrification.
You are immune to rotting.


Message History

Menkaure calls on the powers of darkness!
Your body is wracked with pain!
* * * LOW HITPOINT WARNING * * *
The orc convulses!
You hit Menkaure.
Menkaure is moderately damaged.
The orc hits you from afar with a +0 trident.
* * * LOW HITPOINT WARNING * * *
Menkaure hits you but does no damage.
You are too injured to fight recklessly!
You slash Menkaure!
Menkaure is almost destroyed.
Menkaure hits you.
* * * LOW HITPOINT WARNING * * *
The orc hits you but does no damage.
You are too injured to fight recklessly!
You barely miss Menkaure.
Menkaure is almost destroyed.
Menkaure hits you!
You die...

#)##.!............
#.#####.########.#
#.# #.## #.# #.#
#..# #.# #.# ##.#
#.# #####.# #.##
#)# #.....# #..#
#.# #.....# ##.#
#.# #....@# #.#
#.# #....M# #.#
#.# #...o.# #.##
#.# *#.....# #..#
#.# #...)..# ##.##
#.# **#.#.#.##
#..# #.# *...#.#.*
##.## #.#
*.#,#...* #..# #.#
**,*,*****
##.###'#


You could see Menkaure and an orc.

Vanquished Creatures
  Sigmund (D:4)
  A howler monkey (D:4)
  A bullfrog skeleton (D:4)
  An orc wizard (D:4)
  A hound (D:4)
  3 adders
  An ooze (D:2)
  A worm (D:2)
  2 dart slugs
  4 leopard geckos
  5 orcs (D:4)
  4 giant cockroaches
  11 goblins
  10 hobgoblins
  8 jackals (D:1)
  A quokka (D:3)
  A ball python (D:2)
  13 bats
  8 frilled lizards
  A jackal skeleton (D:3)
  8 kobolds
  A quokka skeleton (D:4)
  6 rats
93 creatures vanquished.

Notes
Turn   | Place    | Note
-------+----------+-------------------------------------------
     0 | D:1      | Fang the Gargoyle Berserker began the quest for the Orb.
     0 | D:1      | Reached XP level 1. HP: 14/14 MP: 1/1
   342 | D:1      | Reached XP level 2. HP: 19/19 MP: 2/2
   698 | D:1      | Reached XP level 3. HP: 23/23 MP: 3/3
   771 | D:1      | Reached ** piety under Trog
  1475 | D:2      | Reached XP level 4. HP: 22/29 MP: 4/4
  1667 | D:2      | Found an opulent altar of Gozag.
  1843 | D:2      | Found a faded altar of an unknown god.
  1892 | D:2      | Noticed an angel
  1893 | D:2      | Found a glowing silver altar of Zin.
  1896 | D:2      | Found a shimmering altar of Xom.
  2091 | D:3      | Found a basalt altar of Yredelemnul.
  2092 | D:3      | Found an ornate altar of the Wu Jian Council.
  2093 | D:3      | Found a burning altar of Makhleb.
  2137 | D:3      | Reached skill level 4 in Fighting
  2518 | D:3      | Found a glowing golden altar of the Shining One.
  2725 | D:4      | Reached XP level 5. HP: 28/33 MP: 5/5
  2747 | D:4      | Found a shimmering blue altar of Sif Muna.
  2807 | D:4      | Reached *** piety under Trog
  2828 | D:4      | Found a white marble altar of Elyvilon.
  2900 | D:4      | Noticed Sigmund
  2912 | D:4      | Killed Sigmund
  2912 | D:4      | Reached XP level 6. HP: 40/40 MP: 6/6
  3029 | D:4      | Found a runed translucent door.
  3030 | D:4      | Noticed Crazy Yiuf
  3161 | D:4      | Reached skill level 5 in Fighting
  3203 | D:4      | Noticed Menkaure
  3214 | D:4      | Slain by Menkaure

Levels and vault maps discovered:
D:1:      dpeg_arrival_rooms_with_view, layout_basic, minmay_indecisive_spiral
D:2:      minmay_general_purpose_star, layout_rooms,
          grunt_temple_overflow_order_and_chaos_1, grunt_gozag_statues,
          chequers_ecumenical_altar_grove
D:3:      layout_loops_ring, tso_oasis_becter, gammafunk_temple_overflow_claw,
          first_ration, kennysheep_generic_room_11
D:4:      layout_basic, led_sif_pool, lemuel_crystal_altar, uniq_menkaure,
          uniq_crazy_yiuf_cottage, uniq_sigmund

Skill      XL: |  1  2  3  4  5  6 |
---------------+-------------------+-----
Axes           | 3 4 |  4.1
Dodging        | 2 3 |  3.2
Armour         | 3 4 |  4.3
Fighting       | 4 5 |  5.0

Action                   |  1- 3 |  4- 6 || total
-------------------------+-------+-------++-------
Melee: Hand axe          |   158 |   234 ||   392
Invok: Berserk           |     1 |     2 ||     3
  Use: Scroll            |       |    13 ||    13
 Stab: Sleeping          |     1 |       ||     1
  Eat: Chunk             |     3 |     6 ||     9
Armor: Animal skin       |    66 |     3 ||    69
       Chain mail        |       |   122 ||   122
       Plate armour      |       |    25 ||    25
Dodge: Dodged            |   113 |   103 ||   216
